 Dungeon Crawl Stone Soup version 0.25-a0-58-g9dd530f (webtiles) character file.

Game seed: 14498062627750561434, levelgen mode: deterministic

120 CougarLife the Ruffian (level 4, 0/45 HPs)
             Began as a Troll Monk on Oct 27, 2019.
             Killed by nerve-wracking pain
             ... invoked by an orc priest
              (12 damage)
             ... on level 3 of the Dungeon.
             The game lasted 00:01:35 (1260 turns).

CougarLife the Ruffian (Troll Monk)                 Turns: 1260, Time: 00:01:35

Health: 0/45       AC:  6    Str: 20    XL:     4   Next: 75%
Magic:  3/3        EV: 11    Int:  6    God:
Gold:   126        SH:  0    Dex: 12    Spells: 3/3 levels left

rFire    . . .     SeeInvis .     - Unarmed
rCold    . . .     Gourm    +   (no shield)
rNeg     . . .     Faith    .   a - +0 robe
rPois    .         Spirit   .   (helmet restricted)
rElec    .         Reflect  .   (no cloak)
rCorr    .         Harm     .   (gloves unavailable)
MR       .....                  (boots unavailable)
Stlth    ++........             (no amulet)
HPRegen  0.55/turn              (no ring)
MPRegen  0.08/turn              (no ring)

@: no status effects
A: large, unfitting armour, claws 3, fast metabolism 3, gourmand, regeneration
1, shaggy fur 1, tough skin 3
a: no special abilities


You were on level 3 of the Dungeon.
You were completely stuffed.

You visited 1 branch of the dungeon, and saw 3 of its levels.

You collected 126 gold pieces.

Inventory:

Armour
 a - a +0 robe (worn)
Jewellery
 i - a +4 ring of strength {unknown}
Scrolls
 c - 3 scrolls of identify {unknown}
 e - a scroll of remove curse {unknown}
 g - a scroll of blinking {unknown}
 j - a scroll of fog {unknown}
Potions
 d - 2 potions of curing {unknown}
 h - 2 potions of berserk rage {unknown}
 k - 2 potions of brilliance {unknown}
Comestibles
 b - 3 rations
 f - 3 chunks of flesh


   Skills:
 - Level 3.0 Fighting
 - Level 3.0 Dodging
 - Level 1.0 Stealth
 + Level 4.7 Unarmed Combat


You had 3 spell levels left.
You didn't know any spells.
Your spell library was empty.

Dungeon Overview and Level Annotations

Branches:
Dungeon (3/15)

Altars:
Nemelex Xobeh


Innate Abilities, Weirdness & Mutations

You are too large for most types of armour.
You have claws for hands.
Your metabolism is lightning-fast.
You like to eat raw meat.
Your natural rate of healing is unusually fast.
You are covered in fur. (AC +1)
You have extremely tough skin. (AC +3)


Message History

The orc priest barely misses you.
You claw the orc priest!
You kill the orc priest!
You barely miss the orc.
The orc priest miscasts a cantrip.
The orc closely misses you.
You scratch the orc.
The orc is severely wounded.
The orc hits you but does no damage.
You claw the orc!
You kill the orc!
The orc barely misses you.
The orc priest miscasts a cantrip.
Things that are here:
a +0 dagger; a +0 chain mail You claw the orc!
You kill the orc!
The orc priest mumbles some strange prayers to Beogh against you.
Pain shoots through your body!
You die...

##..#..###.#####.#
.#.....###.# #.#
...........# #.#
###....##### #.#
#.#.## #.# ...#.#
#.# ....#.# #.#
#####+# #.# #@#
#)# #)o...#
#...##.# ...... ..
###...# #.. ##.##
# ##


You could see an orc priest.

Vanquished Creatures
  An orc priest (D:3)
  4 adders
  A dart slug (D:2)
  3 orcs (D:3)
  2 ball pythons
  7 bats
  5 goblins
  5 hobgoblins
  6 jackals (D:1)
  2 quokkas
  A frilled lizard (D:1)
  2 kobolds
  7 rats
46 creatures vanquished.

Notes
Turn   | Place    | Note
-------+----------+-------------------------------------------
     0 | D:1      | CougarLife the Troll Monk began the quest for the Orb.
     0 | D:1      | Reached XP level 1. HP: 22/22 MP: 0/0
    79 | D:1      | Reached XP level 2. HP: 29/29 MP: 1/1
   554 | D:2      | Reached XP level 3. HP: 25/37 MP: 2/2
   602 | D:2      | Found a sparkling altar of Nemelex Xobeh.
  1174 | D:3      | Reached XP level 4. HP: 45/45 MP: 3/3
  1195 | D:3      | Reached skill level 4 in Unarmed Combat
  1260 | D:3      | Killed from afar by an orc priest

Levels and vault maps discovered:
D:1:      ncdulo_lavacross, layout_basic, st_stairs_2
D:2:      layout_basic, nicolae_overflow_crystal_walls
D:3:      lemuel_upstairs_altar, layout_loops_corners,
          lemuel_coloured_pillars_altar, minmay_cut_off, uniq_jessica,
          uniq_natasha, uniq_robin

Skill      XL: |  1  2  3  4 |
---------------+-------------+-----
Dodging        | 3 |  3.0
Fighting       | 3 |  3.0
Unarmed Combat | 4 |  4.7
Stealth        | |  1.0

Action                   |  1- 3 |  4- 6 || total
-------------------------+-------+-------++-------
Melee: Unarmed           |    86 |    29 ||   115
       Punch             |     3 |       ||     3
 Stab: Sleeping          |     2 |       ||     2
  Eat: Chunk             |    16 |     1 ||    17
Armor: Robe              |    37 |     8 ||    45
Dodge: Dodged            |    42 |    17 ||    59

Table legend:
 A = Non-vault XP
 B = Vault XP
 C = Vault XP percentage of total XP
 D = Non-vault monster count
 E = Vault monster count
 F = Vault count percentage of total count
                 A         B        C        D         E       F
            +---------+---------+-------+---------+---------+-------
      Total |     137 |      35 |  20.3 |      39 |       7 |  15.2
            +---------+---------+-------+---------+---------+-------
        D:1 |      29 |       5 |  14.7 |      18 |       3 |  14.3
        D:2 |      46 |       0 |   0.0 |      12 |       0 |   0.0
        D:3 |      62 |      30 |  32.6 |       9 |       4 |  30.8
            +---------+---------+-------+---------+---------+-------
